 Dungeon Sprint DCSS version 0.31-a0-204-g7da18cac08 (webtiles) character file.

Game seed: 10065232001961929373

75 rocky1 the Slasher (level 3, -6/36 HPs)
             Began as a Demigod Fighter on June 28, 2023.
             Mangled by a tarantella (11 damage)
             ... in the Dungeon (Sprint V: "Ziggurat Sprint").
             The game lasted 00:02:18 (314 turns).

rocky1 the Slasher (Demigod Fighter)                 Turns: 314, Time: 00:02:19

Health: -6/36      AC:  7    Str: 17    XL:     3   Next: 88%
Magic:  5/5        EV:  9    Int: 10    God:
Gold:   0          SH:  0    Dex: 29    Spells: 2/2 levels left

rFire   . . .        B - +11 Screaming Sword {sonic wave}
rCold   . . .        c - +0 buckler
rNeg    . . .        b - +0 scale mail
rPois   .            (no helmet)
rElec   .            (no cloak)
rCorr   .            (no gloves)
SInv    .            (no boots)
Will    .....        (no amulet) Stlth
                     l - +6 ring of dexterity
HPRegen 0.26/turn    m - +6 ring of dexterity
MPRegen 0.09/turn

%: no teleportation
@: confused, on berserk cooldown, slowed, very slow
A: high MP 1, forlorn, divine attributes
a: no special abilities


You were in the Dungeon.
You visited 1 branch

Inventory:

Hand Weapons
 a - a +0 long sword
 B - the +11 Screaming Sword (weapon) {sonic wave}
   (You found it in the Dungeon)
 E - a +5 demon blade
 F - a +5 double sword
 G - a +5 great sword
 H - a +5 triple sword
 N - the +8 lance "Wyrmbane" {slay drac, rPois rF+ rC+ AC+3}
   (You found it in the Dungeon)

   AC:        It affects your AC (+3).
   rF:        It protects you from fire.
   rC:        It protects you from cold.
   rPois:     It protects you from poison.
 O - the +11 plutonium sword {Contam Stlth-}
   (You found it in the Dungeon)

   Contam:    It causes magical contamination when unequipped.
   Stlth:     It makes you less stealthy.
 P - the +8 storm bow {elec, penet}
   (You found it in the Dungeon)
 Q - the +9 sword of Power {lifebolt}
   (You found it in the Dungeon)
 R - the +9 sword of Zonguldrok {reap}
   (You found it in the Dungeon)
Armour
 b - a +0 scale mail (worn)
 c - a +0 buckler (worn)
 y - a +5 crystal plate armour
 C - +5 gold dragon scales
 D - a +5 plate armour
 I - a +3 buckler
 J - a +3 kite shield
 K - an orb of guile
 L - an orb of mayhem
 M - a +3 tower shield
Jewellery
 k - a ring of flight
 l - a +6 ring of dexterity (left hand)
 m - a +6 ring of dexterity (right hand)
 n - a +6 ring of intelligence
 o - a +6 ring of intelligence
 p - a +6 ring of strength
 q - a +6 ring of strength
Wands
 r - a wand of mindburst (22)
 s - a wand of light (7)
 S - a wand of paralysis (7)
Scrolls
 j - 4 scrolls of blinking
 t - 4 scrolls of amnesia
 u - 7 scrolls of fog
 v - 5 scrolls of identify
 w - 2 scrolls of fear
Potions
 d - 6 potions of might
 e - 10 potions of curing
 f - 10 potions of heal wounds
 g - 6 potions of haste
 h - 7 potions of magic
 i - 2 potions of berserk rage
 x - 2 potions of brilliance
 z - 2 potions of invisibility
 A - 4 potions of resistance


   Skills:
 + Level 5.2 Fighting
 + Level 5.5 Long Blades
 + Level 5.2 Armour
 + Level 3.9 Shields


You had 2 spell levels left.
You didn't know any spells.
Your spell library was empty.

Dungeon Overview and Level Annotations

Branches:
Dungeon (1/1)

Annotations:
D 1 transporter


Innate Abilities, Weirdness & Mutations

You have an increased reservoir of magic. (+10% MP)
You shall have no god before yourself.
Your divine heritage dramatically boosts your attributes as you level up.


Message History

You are confused.
The jumping spider leaps!
The tarantella touches you but does no damage.
You are too confused!
You are too confused!
You are too confused!
You are too confused!
You feel your anger nearly subside.
You're too confused to move!
You are no longer berserk.
You are exhausted.
You feel yourself slow down. The tarantella barely misses you.
Unknown command.
Unknown command.
You slice the scorpion!!
You kill the scorpion!
The jumping spider leaps!
The tarantella touches you.
You are more confused.
The tarantella barely misses you.
The jumping spider leaps!
The tarantella touches you.
Your Fighting skill increases to level 5!
Your Armour skill increases to level 5!
Your Shields skill increases to level 3!
You have reached level 3!
Your experience leads to a dramatic increase in your attributes!
Your base attributes are Str 17, Int 10, Dex 13.
Increase (S)trength, (I)ntelligence, or (D)exterity?
You feel agile. x4
Unknown command.
You slice the tarantella!!
The tarantella is severely wounded.
The tarantella touches you.
You are more confused.
The tarantella touches you!
* * * LOW HITPOINT WARNING * * *
You are more confused.
The jumping spider closely misses you.
The jumping spider bites you but does no damage.
The tarantella touches you!
You die...

▓▓▓▓▓▓▓▓▓▓▓▓▓
▓.8©8.▓.8©8.▓
▓°[[}.▓.....▓
▓.....▓.)...▓
▓.....▓.))..▓
▓.....▓.....▓
▓...ss▓..©..▓
▓..©.@▓▓▓▓▓▓▓
▓▓▓▓▓▓▓


You could see a jumping spider and a tarantella.

Vanquished Creatures
  A scorpion (D)
  2 orcs (D)
3 creatures vanquished.

Notes
Turn   | Place    | Note
-------+----------+-------------------------------------------
     0 | D        | rocky1 the Demigod Fighter began the quest for the Orb.
     0 | D        | Reached XP level 1. HP: 18/18 MP: 3/3
     3 | D        | Found the +6 Majin-Bo {spellvamp, MP+6 Int+6}
     3 | D        | Found the +27 heavy crossbow "Sniper" {heavy, Acc+∞ SInv}
     3 | D        | Found the +10 dark maul {heavy}
     3 | D        | Found the +15 Maxwell's patent armour {-Cast -Tele rElec
                  | Will+ rCorr}
     3 | D        | Found the +18 shield of the Gong {Loud rN+ Will+ rCorr
                  | EV-5}
     3 | D        | Found the +16 obsidian axe {drain, demonic, Mesm Drain Fly
                  | SInv}
     3 | D        | Found the +7 great mace "Firestarter" {flame, immolate,
                  | rFlCloud rF++}
     3 | D        | Found the +6 shillelagh "Devastator" {shatter}
     3 | D        | Found the +11 plutonium sword {Contam Stlth-}
     3 | D        | Found the +8 lance "Wyrmbane" {slay drac, rPois rF+ rC+
                  | AC+3}
     3 | D        | Found the +9 sword of Zonguldrok {reap}
     3 | D        | Found the +13 scythe of Curses {drain, curses, Drain}
     3 | D        | Found the +9 sword of Power {lifebolt}
     3 | D        | Found the +7 mace of Variability {chaos, chaos arc}
     3 | D        | Found the +11 Singing Sword {sonic wave}
     3 | D        | Found the +8 storm bow {elec, penet}
     4 | D        | Found a transporter.
    50 | D        | Reached skill level 5 in Long Blades
    50 | D        | Reached XP level 2. HP: 27/27 MP: 4/4
    76 | D        | Entered arena 2.
    76 | D        | Found a transporter.
   307 | D        | Entered arena 3.
   307 | D        | Found the +3 pair of seven-league boots {Rampage+∞}
   307 | D        | Noticed a scorpion
   307 | D        | Noticed a tarantella
   307 | D        | Noticed a jumping spider
   307 | D        | Found a transporter.
   313 | D        | Killed a scorpion
   314 | D        | Reached skill level 5 in Fighting
   314 | D        | Reached skill level 5 in Armour
   314 | D        | Reached XP level 3. HP: 21/36 MP: 5/5
   314 | D        | Mangled by a tarantella

Illustrated notes

Levels and vault maps discovered:
D:        sprint_v [room_start, room_1, room_2, room_3, room_4, room_5, room_6,
          room_7, room_8, room_9, room_10, room_11, room_12, room_13, room_14,
          room_15, room_16, room_17, room_18, room_19, room_20, room_21,
          room_22, room_23, room_24, room_25, room_26, room_27]

Skill      XL: |  1  2 |
---------------+-------+-----
Fighting       | 4 5 |  5.2
Long Blades    | 5 |  5.5
Armour         | 4 5 |  5.2
Shields        | 3 |  3.9

Action                     || total
---------------------------++-------
  Melee: Double sword      ||     4
    Use: Potion            ||     2
 Armour: Scale mail        ||     2
  Dodge: Dodged            ||     3
  Block: Buckler           ||     1

Table legend: (Time is in decaauts)
 A = Elapsed time spent in this place.
 B = Non-inter-level travel time spent in this place.
 C = Inter-level travel time spent in this place.
 D = Time resting spent in this place.
 E = Time spent auto-exploring this place.
 F = Levels seen in this place.
 G = Mean time per level.
                   A        B        C        D        E       F      G
               +--------+--------+--------+--------+--------+-----+--------+
         Total |    312 |    312 |      0 |    219 |      0 |   1 |  312.0 |
       Dungeon |    312 |    312 |      0 |    219 |      0 |   1 |  312.0 |
               +--------+--------+--------+--------+--------+-----+--------+

Top non-repeatable levels by time:
       D: 312 daAuts
